 Dungeon Crawl Stone Soup version 0.32-a0-128-g77eb882913 (webtiles) character file.

Game seed: 5144982110383589259

45 porpoise the Magician (level 3, 0/39 HPs)
             Began as a Demonspawn Wanderer on Feb 7, 2024.
             Succumbed to an adder's poison
             ... on level 2 of the Dungeon.
             The game lasted 00:06:29 (1725 turns).

porpoise the Magician (Demonspawn Wanderer)         Turns: 1725, Time: 00:06:29

Health: 0/39       AC:  3    Str: 10    XL:     3   Next: 42%
Magic:  9/9        EV: 12    Int: 14    God:
Gold:   85         SH:  0    Dex: 16    Spells: 11/12 levels left

rFire   + . .        a - +0 dagger
rCold   + . .        (no shield)
rNeg    . . .        e - +0 robe
rPois   +            (no helmet)
rElec   +            d - +0 cloak
rCorr   +            (no gloves)
SInv    .            (no boots)
Will    .....        (no amulet) Stlth
                     (no ring)
HPRegen 0.26/turn    (no ring)
MPRegen 0.11/turn

%: no passive effects
@: mighty, berserking, lethally poisoned (0 -> -2), resistant, very quick
A: thin skeletal structure 1
a: no special abilities


You were on level 2 of the Dungeon.
You visited 1 branch of the dungeon, and saw 2 of its levels.

You collected 85 gold pieces.

Inventory:

Hand Weapons
 a - a +0 dagger (weapon)
Armour
 d - a +0 cloak (worn)
 e - a +0 robe (worn)
 h - an orb of wrath
Scrolls
 b - a scroll of summoning
 c - a scroll of acquirement {unknown}
 f - a scroll of poison {unknown}
 g - a scroll of vulnerability {unknown}
 l - a scroll of fog {unknown}
Potions
 m - a potion of cancellation {unknown}


   Skills:
 + Level 1.3 Fighting
 * Level 1.9 Short Blades
 - Level 1.0 Armour
 - Level 1.0 Dodging
 + Level 1.3 Stealth
 - Level 5.0 Spellcasting
 - Level 3.0 Summonings


You had 11 spell levels left.
You knew the following spells:

 Your Spells              Type           Power      Damage    Failure   Level
a - Sandblast             Erth           6%         2d5       17%         1

Your spell library contained the following spells:

 Spells                   Type           Power      Damage    Failure   Level
 Summon Small Mammal      Summ           44%        N/A       4%          1
 Call Canine Familiar     Summ           11%        N/A       16%         3
 Summon Ice Beast         Ice/Summ       7%         N/A       28%         3
 Passwall                 Erth           3%         N/A       45%         3


Dungeon Overview and Level Annotations

Branches:
Dungeon (2/15)

Altars:

Shops:
D:2 :


Innate Abilities, Weirdness & Mutations

You have a somewhat thin skeletal structure. (Dex +2, Stealth+)


Message History

You are too injured to fight recklessly!
You are too injured to fight recklessly!
You hit the adder.
The adder is moderately wounded.
You feel sick. The adder bites you.
You are more poisoned.
The adder poisons you!
You hit the adder but do no damage.
The adder is moderately wounded.
You feel sick. The adder bites you but does no damage.
A rat comes into view.
The adder bites you.
* * * LOW HITPOINT WARNING * * *
It was a potion of might.
You feel very mighty all of a sudden.
* * * LOW HITPOINT WARNING * * *
You feel sick.
The rat squeaks loudly.
The adder bites you but does no damage.
It was a potion of resistance.
You feel protected.
* * * LOW HITPOINT WARNING * * *
You feel sick. The adder misses you.
It was a potion of berserk rage.
A red film seems to cover your vision as you go berserk!
You feel yourself moving faster!
You feel mighty!
* * * LOW HITPOINT WARNING * * *
You feel sick.
A bat comes into view.
The adder closely misses you.
The bat moves out of view.
You closely miss the adder.
The adder is moderately wounded.
* * * LOW HITPOINT WARNING * * *
You feel sick. The adder bites you but does no damage.
You hit the adder.
The adder is almost dead.
The adder closely misses you.
You hit the adder.
You kill the adder!
You die...

.... ###. #. #. #. #. #
.. .. .... #.
#.#.#.##.#.# #.## #
)#....?... ..# .##.#
...[.#.# ####.#
....#.#.)...b# #.##)#
#.##.....r.K#
...#.###.##.#.##@#†#.#
................†....#
.....∩...##.###.##.#.#
..#.#.#................
.#.###...####.###.##.#.
.##.#.#..####.###.##.#
.###.##...............
.# #.##.###..##...### #
.. .....# ##....###


You could see a bat, a kobold and a rat.

Vanquished Creatures
  2 adders (D:2)
  A ribbon worm (D:2)
  5 ball pythons
  3 endoplasms (D:2)
  3 giant cockroaches (D:1)
  5 hobgoblins
  3 bats
  4 frilled lizards (D:1)
  3 goblins
  3 kobolds
  A rat (D:2)
33 creatures vanquished.

Notes
Turn   | Place    | Note
-------+----------+-------------------------------------------
     0 | D:1      | porpoise the Demonspawn Wanderer began the quest for the
                  | Orb.
     0 | D:1      | porpoise set off with the following items: a +0 dagger, a
                  | scroll of summoning, a +0 robe, a +0 cloak; and the
                  | following spells available to memorise: Summon Small
                  | Mammal, Call Canine Familiar, Sandblast, Summon Ice Beast,
                  | Passwall.
     0 | D:1      | Reached XP level 1. HP: 13/13 MP: 6/6
     2 | D:1      | Learned a level 1 spell: Sandblast
   708 | D:1      | Reached skill level 1 in Short Blades
   708 | D:1      | Gained mutation: You have a somewhat thin skeletal
                  | structure. (Dex +2, Stealth+) [demonic ancestry]
   708 | D:1      | Reached XP level 2. HP: 20/20 MP: 8/8
  1003 | D:1      | Reached skill level 1 in Stealth
  1312 | D:2      | Reached skill level 1 in Fighting
  1511 | D:2      | Reached XP level 3. HP: 24/26 MP: 9/9
  1615 | D:2      | Found Xoatwyul's Book Emporium.
  1723 | D:2      | HP: 1/39 [poisoned by an adder]
  1725 | D:2      | Succumbed to an adder's poison

Illustrated notes

Levels and vault maps discovered:
D:1:      lightli_arrival_chessboard, layout_loops_cross, minmay_split_cup_small
D:2:      layout_loops_corners, serial_shops, shop, minmay_diced_spiral

Skill      XL: |  1  2 |
---------------+-------+-----
Short Blades   | 1 |  1.9
Stealth        | 1 |  1.3
Fighting       | 1 |  1.3
Armour         | |  1.0
Dodging        | |  1.0
Spellcasting   | |  5.0
Summonings     | |  3.0

Action                     || total
---------------------------++-------
  Melee: Dagger            ||   113
         Punch             ||     3
   Cast: Sandblast         ||     6
    Use: Potion            ||     3
   Stab: Sleeping          ||    10
 Armour: Robe              ||    61
  Dodge: Dodged            ||    52

Table legend: (Time is in decaauts)
 A = Elapsed time spent in this place.
 B = Non-inter-level travel time spent in this place.
 C = Inter-level travel time spent in this place.
 D = Time resting spent in this place.
 E = Time spent auto-exploring this place.
 F = Levels seen in this place.
 G = Mean time per level.
                   A        B        C        D        E       F      G
               +--------+--------+--------+--------+--------+-----+--------+
         Total |   1727 |   1724 |      3 |    668 |    734 |   2 |  863.5 |
       Dungeon |   1727 |   1724 |      3 |    668 |    734 |   2 |  863.5 |
               +--------+--------+--------+--------+--------+-----+--------+

Top non-repeatable levels by time:
     D:1: 1240 daAuts
     D:2: 487 daAuts
